2838 views
Uploaded 2019-12-17 23:42:15
Game version 1.32.0.4
27:29 long 4on4 ladder game on (8)Northshire_LV
Saved by BEARAND
2838 views
Uploaded 2019-12-17 23:42:15
Game version 1.32.0.4
27:29 long 4on4 ladder game on (8)Northshire_LV


148 units @ 20.8k
/ 2.3k
101 buildings @ 12.3k
/ 4.6k

| Mechanical Critter | 431 | 21550 |
| Lesser Clarity Potion | 7 | 490 |
| Scroll of Regeneration | 3 | 300 |
| total: | 441 | 22340g |
| Peasant | 17 | 1275 | / | 0 |
| total: | 17 | 1275g | / | 0w |
| Altar of Kings | 1 | 180 | / | 50 |
| Farm | 2 | 160 | / | 40 |
| Arcane Vault | 23 | 2990 | / | 690 |
| Town Hall | 1 | 385 | / | 205 |
| total: | 27 | 3715g | / | 985w |
| 0:02 | Peasant |
| 0:02 | Peasant |
| 0:08 | Altar of Kings |
| 0:18 | Farm |
| 0:35 | Peasant |
| 0:45 | Peasant |
| 0:49 | Farm |
| 0:53 | Arcane Vault |
| 1:08 | Arcane Vault |
| 1:09 | Peasant |
| 1:22 | Peasant |
| 1:27 | Peasant |
| 1:31 | Peasant |
| 1:48 | Arcane Vault |
| 1:52 | Peasant |
| 1:57 | Arcane Vault |
| 2:05 | Peasant |
| 2:13 | Mechanical Critter |
| 2:13 | Mechanical Critter |
| 2:16 | Banish |
| 2:19 | Mechanical Critter |
| 2:22 | Mechanical Critter |
| 2:22 | Mechanical Critter |
| 2:41 | Peasant |
| 2:47 | Peasant |
| 2:47 | Peasant |
| 2:48 | Peasant |
| 2:59 | Arcane Vault |
| 3:02 | Arcane Vault |
| 3:09 | Mechanical Critter |
| 3:09 | Mechanical Critter |
| 3:13 | Mechanical Critter |
| 3:19 | Mechanical Critter |
| 3:19 | Mechanical Critter |
| 3:45 | Arcane Vault |
| 3:57 | Mechanical Critter |
| 3:57 | Mechanical Critter |
| 3:58 | Mechanical Critter |
| 4:08 | Arcane Vault |
| 4:11 | Mechanical Critter |
| 4:11 | Mechanical Critter |
| 4:11 | Mechanical Critter |
| 5:05 | Town Hall |
| 5:25 | Peasant |
| 5:25 | Peasant |
| 5:26 | Peasant |
| 5:33 | Arcane Vault |
| 5:34 | Arcane Vault |
| 5:37 | Siphon Mana |
| 5:49 | Arcane Vault |
| 5:59 | Mechanical Critter |
| 5:59 | Mechanical Critter |
| 6:01 | Mechanical Critter |
| 6:05 | Mechanical Critter |
| 6:05 | Mechanical Critter |
| 6:05 | Mechanical Critter |
| 6:07 | Mechanical Critter |
| 6:07 | Mechanical Critter |
| 6:36 | Mechanical Critter |
| 6:36 | Mechanical Critter |
| 6:36 | Mechanical Critter |
| 6:36 | Mechanical Critter |
| 6:36 | Mechanical Critter |
| 6:37 | Mechanical Critter |
| 6:37 | Mechanical Critter |
| 6:41 | Mechanical Critter |
| 6:41 | Mechanical Critter |
| 6:48 | Arcane Vault |
| 6:50 | Arcane Vault |
| 6:51 | Lesser Clarity Potion |
| 6:51 | Lesser Clarity Potion |
| 6:52 | Lesser Clarity Potion |
| 6:52 | Lesser Clarity Potion |
| 7:01 | Arcane Vault |
| 7:02 | Mechanical Critter |
| 7:02 | Mechanical Critter |
| 7:03 | Mechanical Critter |
| 7:03 | Mechanical Critter |
| 7:03 | Mechanical Critter |
| 7:05 | Mechanical Critter |
| 7:07 | Mechanical Critter |
| 7:19 | Scroll of Regeneration |
| 7:19 | Lesser Clarity Potion |
| 7:22 | Mechanical Critter |
| 7:22 | Mechanical Critter |
| 7:22 | Mechanical Critter |
| 7:26 | Mechanical Critter |
| 7:26 | Mechanical Critter |
| 7:26 | Mechanical Critter |
| 7:30 | Arcane Vault |
| 7:56 | Arcane Vault |
| 7:58 | Arcane Vault |
| 7:59 | Mechanical Critter |
| 7:59 | Mechanical Critter |
| 8:04 | Mechanical Critter |
| 8:06 | Mechanical Critter |
| 8:06 | Mechanical Critter |
| 8:07 | Mechanical Critter |
| 8:08 | Mechanical Critter |
| 8:10 | Mechanical Critter |
| 8:10 | Mechanical Critter |
| 8:25 | Mechanical Critter |
| 8:25 | Mechanical Critter |
| 8:25 | Mechanical Critter |
| 8:27 | Mechanical Critter |
| 8:27 | Mechanical Critter |
| 8:39 | Mechanical Critter |
| 8:40 | Mechanical Critter |
| 8:40 | Mechanical Critter |
| 8:51 | Mechanical Critter |
| 8:55 | Mechanical Critter |
| 8:56 | Mechanical Critter |
| 8:56 | Mechanical Critter |
| 8:57 | Mechanical Critter |
| 8:57 | Mechanical Critter |
| 8:57 | Mechanical Critter |
| 8:57 | Mechanical Critter |
| 9:07 | Mechanical Critter |
| 9:07 | Mechanical Critter |
| 9:09 | Arcane Vault |
| 9:11 | Arcane Vault |
| 9:14 | Mechanical Critter |
| 9:15 | Mechanical Critter |
| 9:15 | Mechanical Critter |
| 9:15 | Mechanical Critter |
| 9:29 | Arcane Vault |
| 9:33 | Mechanical Critter |
| 9:33 | Mechanical Critter |
| 9:34 | Mechanical Critter |
| 9:34 | Mechanical Critter |
| 9:34 | Mechanical Critter |
| 9:37 | Mechanical Critter |
| 9:38 | Mechanical Critter |
| 9:54 | Lesser Clarity Potion |
| 9:54 | Lesser Clarity Potion |
| 9:56 | Mechanical Critter |
| 9:57 | Mechanical Critter |
| 9:59 | Mechanical Critter |
| 9:59 | Mechanical Critter |
| 10:00 | Mechanical Critter |
| 10:00 | Mechanical Critter |
| 10:03 | Mechanical Critter |
| 10:03 | Mechanical Critter |
| 10:03 | Mechanical Critter |
| 10:13 | Arcane Vault |
| 10:16 | Mechanical Critter |
| 10:16 | Mechanical Critter |
| 10:16 | Mechanical Critter |
| 10:17 | Mechanical Critter |
| 10:22 | Mechanical Critter |
| 10:23 | Mechanical Critter |
| 10:23 | Mechanical Critter |
| 10:38 | Arcane Vault |
| 10:39 | Arcane Vault |
| 10:41 | Mechanical Critter |
| 10:42 | Mechanical Critter |
| 10:42 | Mechanical Critter |
| 10:42 | Mechanical Critter |
| 10:42 | Mechanical Critter |
| 10:43 | Mechanical Critter |
| 10:44 | Mechanical Critter |
| 10:45 | Mechanical Critter |
| 10:47 | Mechanical Critter |
| 11:05 | Mechanical Critter |
| 11:06 | Mechanical Critter |
| 11:09 | Mechanical Critter |
| 11:09 | Mechanical Critter |
| 11:11 | Mechanical Critter |
| 11:11 | Mechanical Critter |
| 11:16 | Mechanical Critter |
| 11:16 | Mechanical Critter |
| 11:16 | Mechanical Critter |
| 11:18 | Mechanical Critter |
| 11:22 | Mechanical Critter |
| 11:26 | Mechanical Critter |
| 11:26 | Mechanical Critter |
| 11:26 | Mechanical Critter |
| 11:52 | Mechanical Critter |
| 11:53 | Mechanical Critter |
| 11:53 | Mechanical Critter |
| 11:53 | Mechanical Critter |
| 11:59 | Mechanical Critter |
| 11:59 | Mechanical Critter |
| 12:06 | Mechanical Critter |
| 12:15 | Mechanical Critter |
| 12:16 | Mechanical Critter |
| 12:27 | Mechanical Critter |
| 12:27 | Mechanical Critter |
| 12:27 | Mechanical Critter |
| 12:27 | Mechanical Critter |
| 12:28 | Mechanical Critter |
| 12:28 | Mechanical Critter |
| 12:28 | Mechanical Critter |
| 12:38 | Mechanical Critter |
| 12:39 | Mechanical Critter |
| 12:40 | Mechanical Critter |
| 12:43 | Mechanical Critter |
| 12:43 | Mechanical Critter |
| 12:47 | Mechanical Critter |
| 12:47 | Mechanical Critter |
| 12:48 | Mechanical Critter |
| 13:00 | Mechanical Critter |
| 13:00 | Mechanical Critter |
| 13:01 | Mechanical Critter |
| 13:01 | Mechanical Critter |
| 13:01 | Mechanical Critter |
| 13:01 | Mechanical Critter |
| 13:02 | Mechanical Critter |
| 13:02 | Mechanical Critter |
| 13:23 | Mechanical Critter |
| 13:23 | Mechanical Critter |
| 13:24 | Mechanical Critter |
| 13:25 | Mechanical Critter |
| 13:26 | Mechanical Critter |
| 13:26 | Mechanical Critter |
| 13:26 | Mechanical Critter |
| 13:26 | Mechanical Critter |
| 13:29 | Mechanical Critter |
| 13:30 | Mechanical Critter |
| 13:36 | Mechanical Critter |
| 13:36 | Mechanical Critter |
| 13:36 | Mechanical Critter |
| 13:36 | Mechanical Critter |
| 13:36 | Mechanical Critter |
| 13:45 | Mechanical Critter |
| 13:45 | Mechanical Critter |
| 13:48 | Mechanical Critter |
| 13:48 | Mechanical Critter |
| 13:48 | Mechanical Critter |
| 13:48 | Mechanical Critter |
| 13:52 | Mechanical Critter |
| 13:53 | Mechanical Critter |
| 13:57 | Mechanical Critter |
| 13:57 | Mechanical Critter |
| 14:06 | Mechanical Critter |
| 14:06 | Mechanical Critter |
| 14:07 | Mechanical Critter |
| 14:07 | Mechanical Critter |
| 14:13 | Mechanical Critter |
| 14:13 | Mechanical Critter |
| 14:13 | Mechanical Critter |
| 14:14 | Mechanical Critter |
| 14:15 | Mechanical Critter |
| 14:29 | Mechanical Critter |
| 14:29 | Mechanical Critter |
| 14:30 | Mechanical Critter |
| 14:30 | Mechanical Critter |
| 14:31 | Mechanical Critter |
| 14:31 | Mechanical Critter |
| 14:37 | Mechanical Critter |
| 14:37 | Mechanical Critter |
| 14:45 | Mechanical Critter |
| 14:46 | Mechanical Critter |
| 14:46 | Mechanical Critter |
| 14:46 | Mechanical Critter |
| 14:46 | Mechanical Critter |
| 14:58 | Mechanical Critter |
| 14:59 | Mechanical Critter |
| 15:10 | Mechanical Critter |
| 15:10 | Mechanical Critter |
| 15:10 | Mechanical Critter |
| 15:10 | Mechanical Critter |
| 15:10 | Mechanical Critter |
| 15:14 | Mechanical Critter |
| 15:14 | Mechanical Critter |
| 15:14 | Mechanical Critter |
| 15:28 | Mechanical Critter |
| 15:28 | Mechanical Critter |
| 15:31 | Mechanical Critter |
| 15:31 | Mechanical Critter |
| 15:32 | Mechanical Critter |
| 15:35 | Mechanical Critter |
| 15:35 | Mechanical Critter |
| 15:35 | Mechanical Critter |
| 15:43 | Mechanical Critter |
| 15:43 | Mechanical Critter |
| 15:43 | Mechanical Critter |
| 15:44 | Mechanical Critter |
| 15:44 | Mechanical Critter |
| 15:45 | Mechanical Critter |
| 15:48 | Mechanical Critter |
| 15:50 | Mechanical Critter |
| 15:56 | Mechanical Critter |
| 15:56 | Mechanical Critter |
| 15:57 | Mechanical Critter |
| 15:57 | Mechanical Critter |
| 15:57 | Mechanical Critter |
| 15:58 | Mechanical Critter |
| 16:01 | Mechanical Critter |
| 16:01 | Mechanical Critter |
| 16:12 | Mechanical Critter |
| 16:16 | Mechanical Critter |
| 16:16 | Mechanical Critter |
| 16:16 | Mechanical Critter |
| 16:18 | Mechanical Critter |
| 16:19 | Mechanical Critter |
| 16:22 | Mechanical Critter |
| 16:24 | Mechanical Critter |
| 16:24 | Mechanical Critter |
| 16:29 | Mechanical Critter |
| 16:45 | Mechanical Critter |
| 16:45 | Mechanical Critter |
| 16:46 | Mechanical Critter |
| 16:46 | Mechanical Critter |
| 16:46 | Mechanical Critter |
| 16:58 | Mechanical Critter |
| 16:58 | Mechanical Critter |
| 16:59 | Mechanical Critter |
| 17:01 | Mechanical Critter |
| 17:02 | Mechanical Critter |
| 17:06 | Mechanical Critter |
| 17:06 | Mechanical Critter |
| 17:06 | Mechanical Critter |
| 17:17 | Mechanical Critter |
| 17:17 | Mechanical Critter |
| 17:17 | Mechanical Critter |
| 17:30 | Mechanical Critter |
| 17:32 | Mechanical Critter |
| 17:32 | Mechanical Critter |
| 17:47 | Mechanical Critter |
| 17:47 | Mechanical Critter |
| 17:54 | Mechanical Critter |
| 17:54 | Mechanical Critter |
| 17:55 | Mechanical Critter |
| 17:55 | Mechanical Critter |
| 17:56 | Mechanical Critter |
| 18:08 | Mechanical Critter |
| 18:08 | Mechanical Critter |
| 18:08 | Mechanical Critter |
| 18:08 | Mechanical Critter |
| 18:09 | Mechanical Critter |
| 18:09 | Mechanical Critter |
| 18:09 | Mechanical Critter |
| 18:19 | Mechanical Critter |
| 18:19 | Mechanical Critter |
| 18:19 | Mechanical Critter |
| 18:19 | Mechanical Critter |
| 18:20 | Mechanical Critter |
| 18:31 | Mechanical Critter |
| 18:32 | Mechanical Critter |
| 18:43 | Mechanical Critter |
| 18:47 | Mechanical Critter |
| 18:47 | Mechanical Critter |
| 18:47 | Mechanical Critter |
| 18:47 | Mechanical Critter |
| 18:47 | Mechanical Critter |
| 18:54 | Mechanical Critter |
| 19:09 | Mechanical Critter |
| 19:10 | Mechanical Critter |
| 19:12 | Mechanical Critter |
| 19:17 | Mechanical Critter |
| 19:18 | Mechanical Critter |
| 19:20 | Mechanical Critter |
| 19:20 | Mechanical Critter |
| 19:28 | Mechanical Critter |
| 19:31 | Mechanical Critter |
| 19:31 | Mechanical Critter |
| 19:32 | Mechanical Critter |
| 19:33 | Mechanical Critter |
| 19:34 | Mechanical Critter |
| 19:45 | Mechanical Critter |
| 19:45 | Mechanical Critter |
| 19:45 | Mechanical Critter |
| 19:45 | Mechanical Critter |
| 19:45 | Mechanical Critter |
| 19:48 | Mechanical Critter |
| 19:48 | Mechanical Critter |
| 19:48 | Mechanical Critter |
| 20:01 | Mechanical Critter |
| 20:01 | Mechanical Critter |
| 20:02 | Mechanical Critter |
| 20:02 | Mechanical Critter |
| 20:03 | Mechanical Critter |
| 20:03 | Mechanical Critter |
| 20:17 | Mechanical Critter |
| 20:17 | Mechanical Critter |
| 20:17 | Mechanical Critter |
| 20:20 | Mechanical Critter |
| 20:20 | Mechanical Critter |
| 20:20 | Mechanical Critter |
| 20:21 | Mechanical Critter |
| 20:21 | Mechanical Critter |
| 20:30 | Mechanical Critter |
| 20:30 | Mechanical Critter |
| 20:30 | Mechanical Critter |
| 20:31 | Mechanical Critter |
| 20:31 | Mechanical Critter |
| 20:31 | Mechanical Critter |
| 20:32 | Mechanical Critter |
| 20:32 | Mechanical Critter |
| 20:43 | Mechanical Critter |
| 20:43 | Mechanical Critter |
| 20:44 | Mechanical Critter |
| 20:44 | Mechanical Critter |
| 20:46 | Mechanical Critter |
| 20:47 | Mechanical Critter |
| 20:55 | Mechanical Critter |
| 20:55 | Mechanical Critter |
| 20:56 | Mechanical Critter |
| 20:56 | Mechanical Critter |
| 21:21 | Mechanical Critter |
| 21:21 | Mechanical Critter |
| 21:21 | Mechanical Critter |
| 21:22 | Mechanical Critter |
| 21:25 | Mechanical Critter |
| 21:33 | Mechanical Critter |
| 21:33 | Mechanical Critter |
| 21:38 | Mechanical Critter |
| 21:38 | Mechanical Critter |
| 21:38 | Mechanical Critter |
| 21:39 | Mechanical Critter |
| 21:39 | Mechanical Critter |
| 21:39 | Mechanical Critter |
| 21:47 | Mechanical Critter |
| 21:47 | Mechanical Critter |
| 21:49 | Mechanical Critter |
| 21:49 | Mechanical Critter |
| 21:50 | Mechanical Critter |
| 21:50 | Mechanical Critter |
| 21:50 | Mechanical Critter |
| 22:46 | Banish |
| 22:47 | Mechanical Critter |
| 22:47 | Mechanical Critter |
| 22:55 | Mechanical Critter |
| 22:55 | Mechanical Critter |
| 22:55 | Mechanical Critter |
| 22:59 | Mechanical Critter |
| 22:59 | Mechanical Critter |
| 23:00 | Mechanical Critter |
| 23:01 | Mechanical Critter |
| 23:11 | Mechanical Critter |
| 23:11 | Mechanical Critter |
| 23:14 | Mechanical Critter |
| 23:14 | Mechanical Critter |
| 23:14 | Mechanical Critter |
| 23:14 | Mechanical Critter |
| 23:14 | Mechanical Critter |
| 23:14 | Mechanical Critter |
| 23:23 | Mechanical Critter |
| 23:23 | Mechanical Critter |
| 23:23 | Mechanical Critter |
| 23:24 | Mechanical Critter |
| 23:33 | Siphon Mana |
| 23:40 | Mechanical Critter |
| 23:40 | Mechanical Critter |
| 23:47 | Mechanical Critter |
| 23:47 | Mechanical Critter |
| 23:47 | Mechanical Critter |
| 24:37 | Scroll of Regeneration |
| 24:37 | Scroll of Regeneration |
| 24:46 | Mechanical Critter |
| 24:48 | Mechanical Critter |
| 24:49 | Mechanical Critter |
| 24:49 | Mechanical Critter |
| 24:50 | Mechanical Critter |
| 24:51 | Mechanical Critter |
| 24:51 | Mechanical Critter |
| 24:53 | Mechanical Critter |
| 24:53 | Mechanical Critter |
| 24:56 | Mechanical Critter |
| 24:56 | Mechanical Critter |
| 25:07 | Mechanical Critter |
| 25:08 | Mechanical Critter |
| 25:08 | Mechanical Critter |
| 25:11 | Mechanical Critter |
| 25:11 | Mechanical Critter |
| 25:17 | Mechanical Critter |
| 25:18 | Mechanical Critter |
| 25:18 | Mechanical Critter |
| 25:22 | Mechanical Critter |
| 25:22 | Mechanical Critter |
| 25:23 | Mechanical Critter |
| 25:23 | Mechanical Critter |
| 25:23 | Mechanical Critter |
| 25:33 | Mechanical Critter |
| 25:33 | Mechanical Critter |
| 25:34 | Mechanical Critter |
| 25:35 | Mechanical Critter |
| 25:35 | Mechanical Critter |
| 25:37 | Mechanical Critter |
| 25:37 | Mechanical Critter |
| 25:37 | Mechanical Critter |
| 25:51 | Mechanical Critter |
| 25:51 | Mechanical Critter |
| 25:51 | Mechanical Critter |
| 25:52 | Mechanical Critter |
| 25:52 | Mechanical Critter |
| 25:58 | Mechanical Critter |
| 25:58 | Mechanical Critter |
| Right click | 2432 |
| Chat | 1009 |
| Select | 941 |
| Build/train/purchase | 927 |
| Select group | 24 |
| Item give/drop | 13 |
| Misc. action | 11 |
| Use ability | 8 |
| Assign group | 5 |
| Esc | 4 |
| Remove unit | 1 |

| Healing Salve | 2 | 200 |
| Lesser Clarity Potion | 1 | 70 |
| Orb of Lightning | 1 | 375 |
| Potion of Healing | 1 | 150 |
| Scroll of Town Portal | 3 | 1050 |
| Boots of Speed | 1 | 250 |
| total: | 9 | 2095g |
| Peon | 14 | 1050 | / | 0 |
| Grunt | 4 | 800 | / | 0 |
| Troll Headhunter | 6 | 840 | / | 120 |
| Tauren | 6 | 1680 | / | 480 |
| Shaman | 2 | 260 | / | 40 |
| Forest Troll High Priest | 1 | 305 | / | 40 |
| Kobold Geomancer | 1 | 255 | / | 30 |
| total: | 34 | 5190g | / | 710w |
| Altar of Storms | 1 | 180 | / | 50 |
| Barracks | 1 | 180 | / | 50 |
| Orc Burrow | 7 | 1120 | / | 280 |
| War Mill | 1 | 205 | / | 0 |
| Voodoo Lounge | 1 | 130 | / | 30 |
| Great Hall | 1 | 385 | / | 185 |
| Tauren Totem | 1 | 135 | / | 155 |
| Spirit Lodge | 1 | 150 | / | 150 |
| Stronghold | 2 | 630 | / | 380 |
| Fortress | 1 | 325 | / | 190 |
| total: | 14 | 2485g | / | 900w |
| 0:10 | Altar of Storms |
| 0:15 | Barracks |
| 0:16 | Peon |
| 0:16 | Peon |
| 0:35 | Orc Burrow |
| 0:48 | Peon |
| 0:59 | Peon |
| 1:25 | Peon |
| 1:29 | Grunt |
| 1:52 | Grunt |
| 2:09 | War Mill |
| 2:22 | Orc Burrow |
| 2:29 | Wind Walk |
| 3:06 | Voodoo Lounge |
| 3:23 | Troll Headhunter |
| 3:24 | Troll Headhunter |
| 3:24 | Troll Headhunter |
| 3:24 | Troll Headhunter |
| 4:07 | Critical Strike |
| 4:29 | Peon |
| 4:29 | Peon |
| 4:32 | Healing Salve |
| 4:48 | Troll Headhunter |
| 4:58 | Steel Armor |
| 5:40 | Orc Burrow |
| 6:19 | Wind Walk |
| 6:30 | Spiked Barricades |
| 6:33 | Steel Ranged Weapons |
| 6:36 | Troll Headhunter |
| 6:45 | Grunt |
| 6:45 | Grunt |
| 6:52 | Healing Salve |
| 6:52 | Lesser Clarity Potion |
| 7:26 | Great Hall |
| 7:34 | Stronghold |
| 7:51 | Stronghold |
| 8:21 | Boots of Speed |
| 9:34 | Forest Troll High Priest |
| 9:35 | Kobold Geomancer |
| 11:51 | Fortress |
| 11:54 | Thorium Ranged Weapons |
| 12:13 | Peon |
| 12:14 | Peon |
| 12:14 | Peon |
| 13:10 | Tauren Totem |
| 13:19 | Peon |
| 13:19 | Peon |
| 13:20 | Peon |
| 13:20 | Peon |
| 14:10 | Scroll of Town Portal |
| 14:33 | Spirit Lodge |
| 14:41 | Orc Burrow |
| 14:47 | Orc Burrow |
| 15:33 | Tauren |
| 15:36 | Tauren |
| 15:45 | Scroll of Town Portal |
| 15:45 | Orb of Lightning |
| 15:56 | Berserker Upgrade |
| 16:26 | Shaman Adept Training |
| 16:32 | Steel Melee Weapons |
| 17:03 | Orc Burrow |
| 17:07 | Orc Burrow |
| 17:09 | Shaman |
| 17:10 | Shaman |
| 18:02 | Shaman Master Training |
| 18:22 | Critical Strike |
| 19:30 | Potion of Healing |
| 19:33 | Scroll of Town Portal |
| 19:40 | Tauren |
| 19:40 | Tauren |
| 19:41 | Tauren |
| 19:41 | Tauren |
| Right click | 259 |
| Select group | 191 |
| Select | 163 |
| Chat | 100 |
| Build/train/purchase | 75 |
| Misc. action | 45 |
| Assign group | 10 |
| Use ability | 9 |
| Remove unit | 4 |
| Item give/drop | 3 |
| Minimap ping | 2 |



| Scroll of Town Portal | 1 | 350 |
| total: | 1 | 350g |
| Peasant | 18 | 1350 | / | 0 |
| Footman | 9 | 1215 | / | 0 |
| Mortar Team | 5 | 900 | / | 350 |
| Priest | 1 | 135 | / | 10 |
| Gryphon Rider | 2 | 560 | / | 140 |
| total: | 35 | 4160g | / | 500w |
| Scout Tower | 2 | 60 | / | 40 |
| Guard Tower | 1 | 70 | / | 50 |
| Altar of Kings | 1 | 180 | / | 50 |
| Farm | 12 | 960 | / | 240 |
| Barracks | 2 | 320 | / | 120 |
| Lumber Mill | 2 | 240 | / | 0 |
| Arcane Vault | 2 | 260 | / | 60 |
| Blacksmith | 1 | 140 | / | 60 |
| Town Hall | 1 | 385 | / | 205 |
| Workshop | 1 | 140 | / | 140 |
| Arcane Sanctum | 1 | 150 | / | 140 |
| Gryphon Aviary | 1 | 140 | / | 150 |
| Keep | 1 | 320 | / | 210 |
| Castle | 1 | 360 | / | 210 |
| total: | 26 | 2975g | / | 1205w |
| 0:09 | Altar of Kings |
| 0:12 | Farm |
| 0:13 | Farm |
| 0:14 | Peasant |
| 0:24 | Barracks |
| 0:30 | Barracks |
| 0:32 | Peasant |
| 0:45 | Peasant |
| 1:09 | Peasant |
| 1:21 | Lumber Mill |
| 1:25 | Lumber Mill |
| 1:30 | Peasant |
| 1:36 | Footman |
| 1:42 | Peasant |
| 2:02 | Arcane Vault |
| 2:05 | Peasant |
| 2:19 | Blacksmith |
| 2:29 | Footman |
| 2:33 | Holy Light |
| 2:50 | Farm |
| 2:52 | Farm |
| 2:56 | Farm |
| 3:06 | Footman |
| 3:21 | Footman |
| 3:52 | Defend |
| 3:56 | Peasant |
| 4:08 | Farm |
| 4:21 | Footman |
| 4:27 | Keep |
| 4:42 | Farm |
| 5:18 | Footman |
| 5:33 | Divine Shield |
| 6:16 | Farm |
| 6:27 | Footman |
| 6:46 | Iron Plating |
| 6:54 | Workshop |
| 6:59 | Arcane Sanctum |
| 7:02 | Improved Lumber Harvesting |
| 7:15 | Gryphon Aviary |
| 7:27 | Iron Forged Swords |
| 7:57 | Brilliance Aura |
| 8:46 | Holy Light |
| 8:52 | Town Hall |
| 8:57 | Footman |
| 8:58 | Footman |
| 9:02 | Castle |
| 9:06 | Flare |
| 9:38 | Blizzard |
| 9:55 | Priest Adept Training |
| 9:58 | Mortar Team |
| 10:56 | Mortar Team |
| 11:00 | Sorceress Adept Training |
| 11:09 | Farm |
| 11:11 | Farm |
| 11:12 | Farm |
| 12:30 | Peasant |
| 12:31 | Peasant |
| 12:31 | Peasant |
| 12:37 | Peasant |
| 12:37 | Peasant |
| 12:39 | Steel Forged Swords |
| 12:40 | Fragmentation Shards |
| 12:43 | Storm Hammers |
| 13:06 | Scout Tower |
| 13:13 | Peasant |
| 13:14 | Peasant |
| 13:15 | Peasant |
| 13:18 | Scout Tower |
| 13:21 | Farm |
| 13:28 | Improved Masonry |
| 13:43 | Arcane Vault |
| 13:46 | Guard Tower |
| 13:48 | Peasant |
| 13:48 | Peasant |
| 14:36 | Storm Bolt |
| 14:39 | Mortar Team |
| 15:39 | Priest Master Training |
| 15:39 | Priest |
| 15:41 | Mortar Team |
| 15:42 | Gryphon Rider |
| 17:09 | Mortar Team |
| 17:14 | Gryphon Rider |
| 17:27 | Scroll of Town Portal |
| Chat | 514 |
| Select group | 474 |
| Right click | 322 |
| Select | 224 |
| Misc. action | 175 |
| Build/train/purchase | 77 |
| Assign group | 25 |
| Use ability | 24 |
| Minimap ping | 2 |
| Esc | 1 |

| Peasant | 10 | 750 | / | 0 |
| Footman | 15 | 2025 | / | 0 |
| Rifleman | 5 | 1025 | / | 150 |
| Priest | 11 | 1485 | / | 110 |
| Knight | 12 | 2940 | / | 720 |
| Goblin Shredder | 1 | 375 | / | 100 |
| Grunt | 8 | 1600 | / | 0 |
| total: | 62 | 10200g | / | 1080w |
| Scout Tower | 16 | 480 | / | 320 |
| Arcane Tower | 1 | 70 | / | 50 |
| Guard Tower | 4 | 280 | / | 200 |
| Barracks | 3 | 480 | / | 180 |
| Farm | 7 | 560 | / | 140 |
| Altar of Kings | 1 | 180 | / | 50 |
| Lumber Mill | 1 | 120 | / | 0 |
| Blacksmith | 1 | 140 | / | 60 |
| Town Hall | 2 | 770 | / | 410 |
| Arcane Vault | 1 | 130 | / | 30 |
| Cannon Tower | 1 | 120 | / | 100 |
| Arcane Sanctum | 1 | 150 | / | 140 |
| Workshop | 1 | 140 | / | 140 |
| Keep | 1 | 320 | / | 210 |
| Castle | 1 | 360 | / | 210 |
| total: | 34 | 3150g | / | 1470w |
| 0:13 | Barracks |
| 0:30 | Peasant |
| 0:30 | Peasant |
| 0:31 | Peasant |
| 0:32 | Peasant |
| 0:41 | Farm |
| 0:42 | Farm |
| 0:51 | Altar of Kings |
| 1:19 | Peasant |
| 1:19 | Peasant |
| 1:19 | Peasant |
| 1:51 | Footman |
| 2:02 | Footman |
| 2:14 | Lumber Mill |
| 2:24 | Peasant |
| 2:34 | Farm |
| 2:35 | Farm |
| 2:37 | Farm |
| 2:46 | Footman |
| 3:04 | Defend |
| 3:14 | Holy Light |
| 4:58 | Keep |
| 5:01 | Footman |
| 5:01 | Footman |
| 5:11 | Blacksmith |
| 5:28 | Barracks |
| 5:40 | Scout Tower |
| 5:41 | Scout Tower |
| 5:44 | Scout Tower |
| 5:45 | Scout Tower |
| 5:58 | Devotion Aura |
| 6:42 | Goblin Shredder |
| 6:53 | Iron Forged Swords |
| 6:56 | Iron Plating |
| 7:02 | Arcane Tower |
| 7:04 | Guard Tower |
| 8:06 | Holy Light |
| 8:19 | Guard Tower |
| 8:35 | Town Hall |
| 8:44 | Castle |
| 8:46 | Improved Masonry |
| 8:49 | Steel Forged Swords |
| 9:08 | Arcane Sanctum |
| 9:11 | Workshop |
| 9:25 | Long Rifles |
| 9:25 | Rifleman |
| 9:25 | Rifleman |
| 10:31 | Scout Tower |
| 10:33 | Scout Tower |
| 10:35 | Scout Tower |
| 12:18 | Priest |
| 12:18 | Priest |
| 12:18 | Priest |
| 12:19 | Priest |
| 12:27 | Scout Tower |
| 12:28 | Scout Tower |
| 12:29 | Scout Tower |
| 12:30 | Scout Tower |
| 12:35 | Scout Tower |
| 12:39 | Advanced Masonry |
| 12:43 | Animal War Training |
| 12:44 | Sundering Blades |
| 12:45 | Knight |
| 12:45 | Knight |
| 12:45 | Knight |
| 12:45 | Knight |
| 12:46 | Knight |
| 12:46 | Knight |
| 14:09 | Knight |
| 14:10 | Knight |
| 14:18 | Knight |
| 14:18 | Knight |
| 14:30 | Peasant |
| 14:30 | Peasant |
| 14:40 | Guard Tower |
| 14:47 | Priest |
| 14:47 | Priest |
| 15:12 | Priest |
| 15:13 | Priest |
| 15:36 | Arcane Vault |
| 15:47 | Scout Tower |
| 15:51 | Cannon Tower |
| 15:56 | Imbued Masonry |
| 15:58 | Knight |
| 15:58 | Knight |
| 17:51 | Scout Tower |
| 17:52 | Scout Tower |
| 17:52 | Scout Tower |
| 19:36 | Footman |
| 19:36 | Footman |
| 19:37 | Footman |
| 19:37 | Footman |
| 19:37 | Footman |
| 19:37 | Footman |
| 19:44 | Guard Tower |
| 19:51 | Barracks |
| 20:15 | Town Hall |
| 21:08 | Grunt |
| 21:08 | Grunt |
| 21:08 | Grunt |
| 21:08 | Grunt |
| 21:08 | Grunt |
| 21:09 | Grunt |
| 21:09 | Grunt |
| 21:09 | Grunt |
| 21:27 | Footman |
| 21:27 | Footman |
| 21:27 | Footman |
| 21:42 | Farm |
| 21:43 | Farm |
| 21:54 | Priest |
| 21:54 | Priest |
| 22:45 | Priest |
| 22:50 | Footman |
| 22:52 | Rifleman |
| 22:52 | Rifleman |
| 22:52 | Rifleman |
| 24:12 | Divine Shield |
| Right click | 320 |
| Select | 205 |
| Build/train/purchase | 99 |
| Chat | 70 |
| Resource trade | 27 |
| Use ability | 24 |
| Misc. action | 19 |
| Esc | 2 |
| Minimap ping | 1 |
192 units @ 25.1k
/ 3.5k
76 buildings @ 13.5k
/ 5.7k



| Lesser Clarity Potion | 1 | 70 |
| Scroll of Town Portal | 1 | 350 |
| Boots of Speed | 1 | 250 |
| Potion of Lesser Invulnerability | 3 | 450 |
| Scroll of Protection | 2 | 300 |
| Staff of Teleportation | 1 | 150 |
| Circlet of Nobility | 1 | 175 |
| total: | 10 | 1745g |
| Wisp | 40 | 2400 | / | 0 |
| Archer | 14 | 1820 | / | 140 |
| Druid of the Talon | 2 | 290 | / | 40 |
| Hippogryph | 8 | 1280 | / | 160 |
| Faerie Dragon | 1 | 155 | / | 25 |
| Chimaera | 2 | 660 | / | 140 |
| total: | 67 | 6605g | / | 505w |
| Ancient Protector | 9 | 1215 | / | 720 |
| Moon Well | 8 | 1440 | / | 320 |
| Altar of Elders | 1 | 180 | / | 50 |
| Ancient of War | 1 | 150 | / | 60 |
| Hunter's Hall | 1 | 210 | / | 100 |
| Ancient of Wonders | 1 | 90 | / | 30 |
| Tree of Life | 3 | 1020 | / | 555 |
| Ancient of Wind | 2 | 300 | / | 280 |
| Chimaera Roost | 2 | 280 | / | 380 |
| Tree of Ages | 1 | 320 | / | 180 |
| Tree of Eternity | 1 | 330 | / | 200 |
| total: | 28 | 4885g | / | 2495w |
| 0:03 | Wisp |
| 0:04 | Wisp |
| 0:21 | Moon Well |
| 0:23 | Wisp |
| 0:23 | Wisp |
| 0:34 | Wisp |
| 0:40 | Altar of Elders |
| 0:52 | Wisp |
| 1:00 | Ancient of War |
| 1:09 | Wisp |
| 1:16 | Wisp |
| 1:21 | Wisp |
| 1:30 | Moon Well |
| 1:32 | Wisp |
| 2:02 | Hunter's Hall |
| 2:27 | Ancient of Wonders |
| 2:29 | Archer |
| 2:29 | Archer |
| 2:47 | Moon Well |
| 2:50 | Searing Arrows |
| 2:59 | Archer |
| 3:20 | Archer |
| 3:50 | Tree of Ages |
| 3:54 | Strength of the Moon |
| 4:08 | Archer |
| 4:49 | Moon Well |
| 4:53 | Moon Armor |
| 4:55 | Archer |
| 4:59 | Lesser Clarity Potion |
| 5:02 | Trueshot Aura |
| 5:13 | Archer |
| 5:59 | Tree of Life |
| 6:08 | Archer |
| 6:08 | Archer |
| 6:28 | Improved Bows |
| 6:52 | Trueshot Aura |
| 7:32 | Ancient of Wind |
| 7:32 | Ancient of Wind |
| 7:34 | Wisp |
| 7:34 | Wisp |
| 7:34 | Wisp |
| 8:12 | Drunken Haze |
| 8:40 | Druid of the Talon Adept Training |
| 8:42 | Druid of the Talon |
| 9:22 | Wisp |
| 9:22 | Wisp |
| 9:22 | Wisp |
| 9:22 | Wisp |
| 9:27 | Boots of Speed |
| 9:33 | Potion of Lesser Invulnerability |
| 9:49 | Moon Well |
| 10:17 | Wisp |
| 10:27 | Improved Strength of the Moon |
| 10:27 | Improved Moon Armor |
| 10:48 | Tree of Eternity |
| 10:55 | Reinforced Hides |
| 11:56 | Moon Well |
| 12:04 | Breath of Fire |
| 12:29 | Ancient Protector |
| 12:31 | Ancient Protector |
| 12:35 | Ancient Protector |
| 12:37 | Wisp |
| 12:38 | Wisp |
| 12:38 | Wisp |
| 12:38 | Wisp |
| 12:39 | Wisp |
| 12:56 | Ultravision |
| 12:59 | Hippogryph |
| 12:59 | Hippogryph |
| 12:59 | Hippogryph |
| 13:00 | Hippogryph |
| 13:01 | Hippogryph |
| 13:02 | Hippogryph |
| 13:02 | Hippogryph |
| 13:02 | Hippogryph |
| 13:04 | Faerie Dragon |
| 13:20 | Potion of Lesser Invulnerability |
| 13:23 | Scroll of Protection |
| 13:31 | Chimaera Roost |
| 13:43 | Chimaera Roost |
| 14:46 | Wisp |
| 14:46 | Wisp |
| 14:46 | Wisp |
| 14:47 | Wisp |
| 15:48 | Ancient Protector |
| 15:52 | Tree of Life |
| 15:55 | Wisp |
| 15:55 | Wisp |
| 15:56 | Wisp |
| 15:56 | Wisp |
| 16:02 | Chimaera |
| 16:07 | Moon Well |
| 16:12 | Marksmanship |
| 16:13 | Archer |
| 16:13 | Archer |
| 16:13 | Archer |
| 16:29 | Moon Well |
| 17:12 | Corrosive Breath |
| 17:14 | Chimaera |
| 17:21 | Strength of the Wild |
| 17:24 | Well Spring |
| 17:34 | Wisp |
| 17:35 | Wisp |
| 17:41 | Wisp |
| 18:18 | Searing Arrows |
| 18:52 | Drunken Haze |
| 18:52 | Drunken Haze |
| 19:36 | Scroll of Town Portal |
| 19:45 | Wisp |
| 19:45 | Wisp |
| 19:45 | Wisp |
| 19:45 | Wisp |
| 19:56 | Ancient Protector |
| 19:59 | Ancient Protector |
| 20:05 | Ancient Protector |
| 20:10 | Ancient Protector |
| 20:14 | Wisp |
| 21:12 | Ancient Protector |
| 21:50 | Trueshot Aura |
| 22:06 | Forked Lightning |
| 22:09 | Drunken Brawler |
| 22:23 | Staff of Teleportation |
| 22:24 | Potion of Lesser Invulnerability |
| 22:25 | Circlet of Nobility |
| 22:36 | Scroll of Protection |
| 23:00 | Archer |
| 23:00 | Archer |
| 23:04 | Improved Strength of the Wild |
| 24:52 | Frost Arrows |
| 25:00 | Wisp |
| 25:08 | Tree of Life |
| 25:44 | Improved Reinforced Hides |
| 25:45 | Advanced Moon Armor |
| 25:45 | Advanced Strength of the Moon |
| 25:45 | Advanced Strength of the Wild |
| 25:48 | Druid of the Talon Master Training |
| 25:49 | Druid of the Talon |
| Right click | 1403 |
| Select | 781 |
| Build/train/purchase | 128 |
| Misc. action | 41 |
| Use ability | 34 |
| Chat | 13 |
| Item give/drop | 7 |
| Minimap ping | 4 |


| Healing Salve | 9 | 900 |
| Lesser Clarity Potion | 5 | 350 |
| Orb of Lightning | 2 | 750 |
| Scroll of Speed | 1 | 50 |
| Potion of Healing | 1 | 150 |
| Potion of Mana | 2 | 400 |
| Scroll of Town Portal | 3 | 1050 |
| total: | 23 | 3650g |
| Peon | 12 | 900 | / | 0 |
| Troll Headhunter | 10 | 1400 | / | 200 |
| Kodo Beast | 2 | 510 | / | 120 |
| Demolisher | 9 | 1980 | / | 450 |
| total: | 33 | 4790g | / | 770w |
| Orc Burrow | 7 | 1120 | / | 280 |
| Altar of Storms | 1 | 180 | / | 50 |
| Barracks | 3 | 540 | / | 150 |
| War Mill | 2 | 410 | / | 0 |
| Voodoo Lounge | 1 | 130 | / | 30 |
| Great Hall | 1 | 385 | / | 185 |
| Beastiary | 1 | 145 | / | 140 |
| Stronghold | 1 | 315 | / | 190 |
| Fortress | 1 | 325 | / | 190 |
| total: | 16 | 2910g | / | 835w |
| 0:04 | Peon |
| 0:05 | Peon |
| 0:05 | Peon |
| 0:21 | Orc Burrow |
| 0:24 | Peon |
| 0:41 | Peon |
| 1:02 | Altar of Storms |
| 1:06 | Barracks |
| 1:17 | Barracks |
| 1:24 | Peon |
| 1:24 | Peon |
| 1:37 | Peon |
| 1:52 | War Mill |
| 1:59 | Peon |
| 2:13 | Peon |
| 2:25 | Orc Burrow |
| 2:30 | Peon |
| 2:30 | Peon |
| 2:50 | Voodoo Lounge |
| 3:02 | Orc Burrow |
| 3:25 | Troll Headhunter |
| 3:29 | Troll Headhunter |
| 3:34 | War Stomp |
| 3:42 | Troll Headhunter |
| 3:56 | Troll Headhunter |
| 4:04 | Healing Salve |
| 4:11 | Lesser Clarity Potion |
| 4:42 | Stronghold |
| 4:58 | Endurance Aura |
| 5:15 | Troll Headhunter |
| 5:25 | Troll Headhunter |
| 5:34 | Troll Headhunter |
| 5:34 | Troll Headhunter |
| 5:50 | Steel Ranged Weapons |
| 6:30 | War Stomp |
| 6:36 | Troll Headhunter |
| 6:40 | Orc Burrow |
| 6:49 | Healing Salve |
| 6:55 | Lesser Clarity Potion |
| 7:11 | Fortress |
| 7:32 | Troll Regeneration |
| 7:35 | Thorium Ranged Weapons |
| 8:14 | Beastiary |
| 8:45 | Steel Armor |
| 9:29 | Kodo Beast |
| 9:31 | Troll Headhunter |
| 9:37 | Berserker Upgrade |
| 9:49 | Reinforced Defenses |
| 9:54 | Arcanite Ranged Weapons |
| 10:10 | War Drums Damage Increase |
| 10:26 | Healing Wave |
| 10:35 | Orb of Lightning |
| 11:05 | War Mill |
| 11:35 | Endurance Aura |
| 12:06 | Thorium Armor |
| 12:09 | Burning Oil |
| 12:12 | Scroll of Town Portal |
| 12:12 | Healing Salve |
| 12:20 | Healing Salve |
| 12:20 | Healing Salve |
| 12:59 | Orb of Lightning |
| 14:11 | Hex |
| 14:32 | Kodo Beast |
| 14:34 | Arcanite Armor |
| 14:35 | Demolisher |
| 14:39 | Healing Salve |
| 14:42 | Healing Salve |
| 14:48 | Lesser Clarity Potion |
| 15:24 | Great Hall |
| 15:58 | War Stomp |
| 16:07 | Healing Wave |
| 16:28 | Scroll of Town Portal |
| 16:46 | Scroll of Speed |
| 17:54 | Barracks |
| 18:00 | Scroll of Town Portal |
| 18:11 | Potion of Healing |
| 18:11 | Potion of Mana |
| 18:11 | Healing Salve |
| 18:11 | Lesser Clarity Potion |
| 19:59 | Orc Burrow |
| 20:04 | Orc Burrow |
| 20:22 | Healing Salve |
| 20:28 | Lesser Clarity Potion |
| 20:31 | Potion of Mana |
| 20:55 | Orc Burrow |
| 20:57 | Demolisher |
| 20:57 | Demolisher |
| 20:57 | Demolisher |
| 20:57 | Demolisher |
| 23:03 | Hex |
| 23:11 | Demolisher |
| 23:11 | Demolisher |
| 23:11 | Demolisher |
| 23:11 | Demolisher |
| 23:40 | Reincarnation |
| Right click | 1490 |
| Select group | 772 |
| Select | 422 |
| Chat | 279 |
| Misc. action | 139 |
| Build/train/purchase | 127 |
| Use ability | 46 |
| Assign group | 21 |
| Minimap ping | 6 |
| Item give/drop | 5 |
| Remove unit | 2 |

| Boots of Speed | 1 | 250 |
| total: | 1 | 250g |
| Wisp | 23 | 1380 | / | 0 |
| Archer | 6 | 780 | / | 60 |
| Huntress | 2 | 390 | / | 40 |
| Dryad | 8 | 1160 | / | 480 |
| Druid of the Claw | 6 | 1530 | / | 480 |
| Glaive Thrower | 4 | 840 | / | 260 |
| Chimaera | 4 | 1320 | / | 280 |
| total: | 53 | 7400g | / | 1600w |
| Ancient Protector | 3 | 405 | / | 240 |
| Altar of Elders | 1 | 180 | / | 50 |
| Moon Well | 8 | 1440 | / | 320 |
| Ancient of War | 1 | 150 | / | 60 |
| Hunter's Hall | 1 | 210 | / | 100 |
| Tree of Life | 1 | 340 | / | 185 |
| Ancient of Lore | 2 | 310 | / | 290 |
| Chimaera Roost | 1 | 140 | / | 190 |
| Tree of Ages | 1 | 320 | / | 180 |
| Tree of Eternity | 1 | 330 | / | 200 |
| total: | 18 | 3175g | / | 1435w |
| 0:02 | Wisp |
| 0:06 | Altar of Elders |
| 0:07 | Wisp |
| 0:18 | Moon Well |
| 0:22 | Wisp |
| 0:40 | Wisp |
| 0:45 | Ancient of War |
| 0:57 | Wisp |
| 1:05 | Wisp |
| 1:16 | Wisp |
| 1:21 | Moon Well |
| 1:37 | Wisp |
| 1:47 | Archer |
| 1:49 | Wisp |
| 2:15 | Evasion |
| 2:17 | Archer |
| 2:23 | Hunter's Hall |
| 2:39 | Archer |
| 2:59 | Archer |
| 3:22 | Archer |
| 3:27 | Moon Well |
| 3:29 | Ultravision |
| 3:40 | Mana Burn |
| 3:52 | Archer |
| 3:56 | Tree of Ages |
| 4:24 | Huntress |
| 4:36 | Huntress |
| 5:02 | Moon Well |
| 5:59 | Boots of Speed |
| 6:18 | Wisp |
| 6:18 | Wisp |
| 6:22 | Ancient of Lore |
| 6:25 | Ancient of Lore |
| 7:50 | Dryad |
| 7:51 | Abolish Magic |
| 8:38 | Mana Burn |
| 9:13 | Druid of the Claw |
| 9:15 | Druid of the Claw |
| 9:15 | Druid of the Claw Adept Training |
| 9:18 | Tree of Eternity |
| 9:33 | Tree of Life |
| 10:14 | Strength of the Wild |
| 10:56 | Moon Well |
| 10:57 | Moon Well |
| 11:11 | Dryad |
| 11:20 | Reinforced Hides |
| 12:08 | Wisp |
| 12:09 | Wisp |
| 12:09 | Wisp |
| 12:09 | Wisp |
| 12:28 | Druid of the Claw Master Training |
| 12:30 | Druid of the Claw |
| 12:33 | Well Spring |
| 12:36 | Wisp |
| 12:37 | Wisp |
| 12:56 | Chimaera Roost |
| 13:13 | Druid of the Claw |
| 13:14 | Druid of the Claw |
| 13:15 | Mark of the Claw |
| 13:24 | Moon Glaive |
| 13:34 | Wisp |
| 13:35 | Wisp |
| 14:24 | Wisp |
| 14:24 | Wisp |
| 14:24 | Wisp |
| 14:47 | Ancient Protector |
| 14:53 | Improved Bows |
| 14:54 | Marksmanship |
| 14:57 | Dryad |
| 14:58 | Dryad |
| 15:51 | Ancient Protector |
| 15:54 | Ancient Protector |
| 15:58 | Wisp |
| 16:01 | Dryad |
| 16:06 | Improved Strength of the Wild |
| 17:19 | Improved Reinforced Hides |
| 17:26 | Vorpal Blades |
| 18:21 | Evasion |
| 19:06 | Glaive Thrower |
| 19:06 | Glaive Thrower |
| 19:08 | Druid of the Claw |
| 19:09 | Dryad |
| 20:02 | Chimaera |
| 20:04 | Corrosive Breath |
| 20:09 | Advanced Strength of the Wild |
| 20:10 | Advanced Reinforced Hides |
| 20:37 | Dryad |
| 20:38 | Dryad |
| 20:45 | Moon Well |
| 20:49 | Moon Well |
| 21:45 | Strength of the Moon |
| 21:51 | Chimaera |
| 23:05 | Glaive Thrower |
| 23:09 | Chimaera |
| 24:30 | Mana Burn |
| 26:28 | Chimaera |
| 26:30 | Glaive Thrower |
| Right click | 394 |
| Select group | 214 |
| Select | 210 |
| Build/train/purchase | 88 |
| Chat | 54 |
| Assign group | 27 |
| Use ability | 8 |
| Minimap ping | 3 |
| Misc. action | 1 |
| Item give/drop | 1 |


| Healing Salve | 3 | 300 |
| total: | 3 | 300g |
| Peon | 9 | 675 | / | 0 |
| Grunt | 8 | 1600 | / | 0 |
| Troll Headhunter | 9 | 1260 | / | 180 |
| Wind Rider | 6 | 1590 | / | 240 |
| Shaman | 3 | 390 | / | 60 |
| Troll Berserker | 3 | 420 | / | 60 |
| Goblin Shredder | 1 | 375 | / | 100 |
| total: | 39 | 6310g | / | 640w |
| Altar of Storms | 1 | 180 | / | 50 |
| Barracks | 1 | 180 | / | 50 |
| Orc Burrow | 7 | 1120 | / | 280 |
| War Mill | 1 | 205 | / | 0 |
| Voodoo Lounge | 1 | 130 | / | 30 |
| Great Hall | 1 | 385 | / | 185 |
| Beastiary | 1 | 145 | / | 140 |
| Spirit Lodge | 1 | 150 | / | 150 |
| Stronghold | 1 | 315 | / | 190 |
| Fortress | 1 | 325 | / | 190 |
| total: | 14 | 2495g | / | 885w |
| 0:07 | Altar of Storms |
| 0:13 | Barracks |
| 0:21 | Orc Burrow |
| 1:16 | Peon |
| 1:17 | Grunt |
| 1:34 | Peon |
| 2:02 | Orc Burrow |
| 2:07 | Grunt |
| 2:14 | Endurance Aura |
| 2:31 | Grunt |
| 2:46 | War Mill |
| 3:19 | Peon |
| 3:20 | Peon |
| 3:27 | Voodoo Lounge |
| 3:38 | War Stomp |
| 3:43 | Grunt |
| 4:01 | Troll Headhunter |
| 4:09 | Peon |
| 4:33 | Healing Salve |
| 4:34 | Steel Melee Weapons |
| 4:52 | Orc Burrow |
| 4:58 | Steel Armor |
| 5:45 | Goblin Shredder |
| 5:57 | Troll Headhunter |
| 6:15 | Troll Headhunter |
| 7:16 | Endurance Aura |
| 7:23 | Stronghold |
| 7:25 | Steel Ranged Weapons |
| 7:25 | Spiked Barricades |
| 7:46 | Orc Burrow |
| 7:52 | Troll Headhunter |
| 7:54 | Grunt |
| 8:10 | Healing Salve |
| 9:53 | Thorium Ranged Weapons |
| 9:53 | Thorium Melee Weapons |
| 9:53 | Thorium Armor |
| 10:02 | Great Hall |
| 10:06 | Grunt |
| 10:07 | Grunt |
| 10:09 | Troll Headhunter |
| 10:23 | Healing Salve |
| 10:37 | Beastiary |
| 10:55 | Spirit Lodge |
| 11:16 | Berserker Strength |
| 11:17 | Troll Regeneration |
| 11:18 | Grunt |
| 12:30 | Wind Rider |
| 12:31 | Wind Rider |
| 12:34 | Shaman Adept Training |
| 12:37 | Troll Headhunter |
| 13:13 | Wind Rider |
| 13:40 | Fortress |
| 14:12 | Wind Rider |
| 14:33 | War Stomp |
| 14:45 | Peon |
| 14:46 | Peon |
| 14:46 | Peon |
| 14:47 | Peon |
| 15:02 | Orc Burrow |
| 15:56 | Orc Burrow |
| 16:23 | Orc Burrow |
| 16:28 | Envenomed Spears |
| 16:42 | Shaman Master Training |
| 17:41 | Healing Wave |
| 18:58 | Hex |
| 19:42 | Shaman |
| 19:42 | Shaman |
| 19:45 | Shaman |
| 19:47 | Wind Rider |
| 19:48 | Wind Rider |
| 20:02 | Arcanite Melee Weapons |
| 20:03 | Arcanite Ranged Weapons |
| 20:03 | Improved Spiked Barricades |
| 20:04 | Arcanite Armor |
| 20:04 | Reinforced Defenses |
| 20:23 | Berserker Upgrade |
| 20:23 | Troll Headhunter |
| 20:23 | Troll Headhunter |
| 20:24 | Troll Headhunter |
| 22:08 | Endurance Aura |
| 23:03 | Troll Berserker |
| 23:25 | Healing Wave |
| 24:52 | Troll Berserker |
| 24:53 | Troll Berserker |
| 25:30 | Hex |
| 25:47 | Reincarnation |
| 25:56 | Pillage |
| Right click | 1252 |
| Select | 195 |
| Select group | 116 |
| Build/train/purchase | 79 |
| Chat | 75 |
| Assign group | 18 |
| Use ability | 18 |
| Item give/drop | 2 |
| Misc. action | 1 |
⇛